 Dungeon Crawl Stone Soup version 0.18.1-8-gdd0e5ea (webtiles) character file.

177 mrath the Ducker (level 5, -1/29 HPs)
             Began as a Spriggan Abyssal Knight on June 7, 2016.
             Was a Believer of Lugonu.
             Killed from afar by an orc wizard (5 damage)
             ... with a magic dart
             ... on level 3 of the Dungeon.
             The game lasted 00:11:27 (3564 turns).

mrath the Ducker (Spriggan Abyssal Knight)          Turns: 3564, Time: 00:11:29

Health: -1/29      AC:  2    Str:  9    XL:     5   Next: 31%
Magic:  8/8        EV: 19    Int: 14    God:    Lugonu [**....]
Gold:   171        SH:  0    Dex: 15    Spells: 0 memorised, 4 levels left

rFire  . . .     SeeInvis +     a - +1 short sword
rCold  . . .     Gourm    .     b - +0 robe
rNeg   . . .     Faith    .     (shield restricted)
rPois  .         Spirit   .     (helmet restricted)
rElec  .         Dismiss  .     (no cloak)
rCorr  .         Reflect  .     (gloves unavailable)
SustAt .         Harm     .     (boots unavailable)
MR     .....                    (no amulet)
Stlth  +.........               (no ring)
                                (no ring)

@: very quick, not resistant to hostile enchantments, very unstealthy
A: unfitting armour, see invisible, herbivore 3, speed 3, slow metabolism 2
a: Depart the Abyss, Bend Space, Renounce Religion


You were on level 3 of the Dungeon.
You worshipped Lugonu.
Lugonu was pleased with you.
You were hungry.

You visited 1 branch of the dungeon, and saw 3 of its levels.
You visited the Abyss 1 time.

You collected 171 gold pieces.

Inventory:

Hand Weapons
 a - a +1 short sword (weapon)
 h - a +1 falchion of venom
 l - a cursed -2 short sword
Missiles
 g - 92 stones (quivered)
 q - 8 needles of sleeping
Armour
 b - a +0 robe (worn)
Wands
 p - a wand of iceblast (9/15)
Scrolls
 d - 3 scrolls of identify {unknown}
 j - a scroll of recharging {unknown}
 r - a scroll of fear {unknown}
 s - a scroll of noise {unknown}
Potions
 e - a potion of flight {unknown}
 i - 2 potions of heal wounds {unknown}
 k - a potion of might {unknown}
 m - 3 potions of curing {unknown}
 n - a potion of beneficial mutation {unknown}
 o - a potion of haste {unknown}
Comestibles
 c - 2 bread rations
 f - a slice of pizza


   Skills:
 * Level 3.8 Fighting
 + Level 3.3 Short Blades
 + Level 4.7 Dodging
 + Level 2.7 Invocations


You had 4 spell levels left.
You didn't know any spells.

Dungeon Overview and Level Annotations

Branches:
Dungeon (3/15)

Altars:
Ashenzari
Okawaru
Vehumet


Innate Abilities, Weirdness & Mutations

You are tiny and cannot use many weapons and most armour.
You have supernaturally acute eyesight.
You are a herbivore.
You cover ground extremely quickly.
You need consume almost no food.


Message History

You throw a stone. The stone barely misses the orc wizard.
The orc wizard closely misses you.
You hit the orc wizard.
The orc wizard is moderately wounded.
The orc wizard closely misses you.
The orc wizard hits you but does no damage.
You hit the orc wizard.
The orc wizard is heavily wounded.
The orc wizard misses you.
You hit the orc wizard.
The orc wizard is severely wounded.
The orc wizard hits you with a dagger.
* * * LOW HITPOINT WARNING * * *
You closely miss the orc wizard.
The orc wizard is severely wounded.
The orc wizard hits you with a dagger.
* * * LOW HITPOINT WARNING * * *
The orc wizard casts a spell at you. The magic dart hits you!
You die...

#.#.............).....#..#######
..[.........######.####...#
..####.##...# #..# #.#.# ..#
#.###..# ##.# #.#.# ..# #)# #..#
##.###.#.##### [)####.# #..#
###...##.b...... .<.....#
#..####...........#### #.###..#
#.....#.#..(####..# #.# #..#
##.....@o..#####..#
#.###..#####.#......(...)..#
#...................>...........
#####..####.##############.#####
#...###†# .# #.#.....# .
#...##### ## ...### ####


You could see an orc wizard.

Vanquished Creatures
  2 orc wizards (D:3)
  Ijyb (D:3)
  3 adders (D:2)
  A dart slug (D:2)
  10 orcs (D:3)
  3 giant cockroaches
  7 goblins
  7 hobgoblins
  2 ball pythons (D:2)
  6 bats
  7 giant newts
  6 kobolds
  5 rats
60 creatures vanquished.

Notes
Turn   | Place    | Note
--------------------------------------------------------------
     0 | Abyss:1  | mrath the Spriggan Abyssal Knight began the quest for the Orb.
     0 | Abyss:1  | Reached XP level 1. HP: 11/11 MP: 3/3
     7 | D:1      | Escaped the Abyss
    48 | D:1      | Reached * piety under Lugonu
   190 | D:1      | Found an iron altar of Okawaru.
   412 | D:1      | Reached XP level 2. HP: 16/16 MP: 4/4
  1017 | D:2      | Reached skill level 4 in Dodging
  1046 | D:2      | Found a faded altar to an unknown god.
  1297 | D:2      | Found a shattered altar of Ashenzari.
  1405 | D:2      | Found a radiant altar of Vehumet.
  1640 | D:2      | Reached XP level 3. HP: 9/20 MP: 5/5
  2529 | D:2      | Reached ** piety under Lugonu
  2638 | D:3      | Reached XP level 4. HP: 23/24 MP: 6/6
  2741 | D:3      | Noticed Ijyb
  2760 | D:3      | Killed Ijyb
  2872 | D:3      | Reached XP level 5. HP: 19/28 MP: 7/7
  3564 | D:3      | Killed from afar by an orc wizard

Skill      XL: |  1  2  3 |
---------------+----------+-----
Invocations    | 2 |  2.7
Dodging        | 4 |  4.7
Fighting       | 3 |  3.8
Short Blades   | 3 |  3.3

Action                   |  1- 3 |  4- 6 || total
-------------------------+-------+-------++-------
Melee: Short sword       |   146 |    98 ||   244
Throw: Stone             |     7 |    14 ||    21
Invok: Depart the Abyss  |     1 |       ||     1
Armor: Robe              |     7 |    13 ||    20
Dodge: Dodged            |   114 |    59 ||   173
